 Dungeon Crawl Stone Soup version 0.30.0-29-ga12c61a403 (webtiles) character file.

Game seed: 7536604716713043939

82 busyok the Grasshopper (level 4, -14/38 HPs)
             Began as a Gnoll Warper on June 21, 2023.
             Was an Initiate of Ru.
             Killed by divine providence
             ... invoked by an orc priest
              (15 damage)
             ... on level 3 of the Dungeon.
             The game lasted 00:03:49 (2480 turns).

busyok the Grasshopper (Gnoll Warper)               Turns: 2480, Time: 00:03:51

Health: -14/38     AC:  5    Str: 13    XL:     4   Next: 43%
Magic:  11/11      EV: 12    Int: 12    God:    Ru [......]
Gold:   70         SH:  0    Dex: 11    Spells: 13/13 levels left

rFire   . . .        a - +0 hand axe
rCold   . . .        (no shield)
rNeg    . . .        b - +1 leather armour
rPois   .            (no helmet)
rElec   .            g - scarf {shadows}
rCorr   .            h - +0 pair of gloves
SInv    .            (no boots)
Will    .....        (no amulet)
Stlth   +            (no ring)
HPRegen 0.26/turn    (no ring)
MPRegen 0.12/turn

%: no passive effects
@: no status effects
A: fangs 1, strong nose, distributed training
a: Renounce Religion


You were on level 3 of the Dungeon.
You worshipped Ru.
Ru was noncommittal.
You visited 1 branch of the dungeon, and saw 3 of its levels.

You collected 70 gold pieces.

Inventory:

Hand Weapons
 a - a +0 hand axe (weapon)
Missiles
 d - 2 boomerangs of dispersal
 l - 5 javelins (quivered)
 q - 8 poisoned darts
Armour
 b - a +1 leather armour (worn)
 g - a scarf of shadows (worn)
 h - a +0 pair of gloves (worn)
Scrolls
 c - a scroll of blinking
 k - 4 scrolls of teleportation
 m - 2 scrolls of identify
 r - a scroll of enchant weapon {unknown}
 s - a scroll of amnesia {unknown}
Potions
 f - a potion of magic
 i - a potion of lignification {unknown}
 j - a potion of heal wounds {unknown}
 n - a potion of degeneration {unknown}
 o - 3 potions of brilliance {unknown}
 p - a potion of flight {unknown}


   Skills:
 + Level 4.6 Fighting
 + Level 1.2 Short Blades
 + Level 1.2 Long Blades
 + Level 4.6 Axes
 + Level 1.2 Maces & Flails
 + Level 1.2 Polearms
 + Level 1.2 Staves
 + Level 1.2 Ranged Weapons
 + Level 2.8 Throwing
 + Level 2.8 Armour
 + Level 4.6 Dodging
 + Level 1.2 Stealth
 + Level 1.2 Shields
 + Level 1.2 Unarmed Combat
 + Level 5.1 Spellcasting
 + Level 1.0 Conjurations
 + Level 1.0 Hexes
 + Level 1.0 Summonings
 + Level 1.0 Necromancy
 + Level 5.5 Translocations
 + Level 1.0 Transmutations
 + Level 1.0 Fire Magic
 + Level 1.0 Ice Magic
 + Level 1.0 Air Magic
 + Level 1.0 Earth Magic
 + Level 1.0 Poison Magic
 + Level 1.3 Invocations
 + Level 1.2 Evocations


You had 13 spell levels left.
You didn't know any spells.
Your spell library contained the following spells:

 Spells                   Type           Power      Damage    Failure   Level
 Blink                    Tloc           32%        N/A       4%          2
 Lesser Beckoning         Tloc           32%        N/A       4%          2
 Gell's Gravitas          Tloc           16%        N/A       8%          3
 Teleport Other           Tloc           16%        N/A       8%          3
 Slow                     Hex            20%        N/A       17%         1
 Vhi's Electric Charge    Tloc/Air       20%        N/A       21%         3
 Manifold Assault         Tloc           16%        N/A       26%         4
 Confusing Touch          Hex            5%         N/A       45%         3
 Vampiric Draining        Necr           5%         2d6       45%         3


Dungeon Overview and Level Annotations

Branches:
Dungeon (3/15)

Altars:
Hepliaklqana
Okawaru
Ru


Innate Abilities, Weirdness & Mutations

You have very sharp teeth.
Your uncanny sense of smell can sniff out nearby items.
Your experience applies equally to all skills.


Message History

The orc priest closely misses you.
You closely miss the orc priest. You bite the orc priest.
The orc priest is moderately wounded.
You hit the orc.
The orc priest invokes the aid of Beogh against you.
Beogh smites you!
* * * LOW HITPOINT WARNING * * *
The orc barely misses you.
You feel better. The orc hits you with a +0 war axe.
The orc priest mumbles some strange prayers to Beogh against you.
Beogh smites you!
* * * LOW HITPOINT WARNING * * *
You hit the orc priest but do no damage.
The orc priest is moderately wounded.
You hit the orc but do no damage. The orc priest hits you with a +0 whip.
* * * LOW HITPOINT WARNING * * *
The orc closely misses you.
You barely miss the orc priest. Your punch misses the orc priest.
The orc priest is moderately wounded.
You hit the orc but do no damage.
The orc priest miscasts a cantrip.
The orc closely misses you.
You hit the orc priest. You bite the orc priest.
The orc priest is heavily wounded.
You hit the orc but do no damage. The orc barely misses you.
The orc priest mumbles some strange prayers to Beogh against you.
You barely resist. You hit the orc priest.
The orc priest is heavily wounded.
You hit the orc.
The orc priest hits you but does no damage.
The orc hits you with a +0 war axe.
* * * LOW HITPOINT WARNING * * *
You closely miss the orc priest.
The orc priest is heavily wounded.
You hit the orc.
You kill the orc!
The orc priest calls down the wrath of Beogh upon you.
Beogh smites you!
You die...

###### #####....####
#...........#
#.###.##.##.# #.#
#.##.##.# #.#
#.##>##)# ### #.#
#.##>##.#
..####.###.##.##@#
#..........##..)o..#
#..###.######......#
#..# #[# #........
#..###.# ##.....###
.......# #.....#
#..###..............
#..# #....... ...#
########


You could see an orc priest.

Vanquished Creatures
  3 adders
  A dart slug (D:2)
  2 orcs (D:3)
  4 ball pythons
  4 bats
  4 endoplasms
  A giant cockroach (D:1)
  4 goblins (D:1)
  8 hobgoblins
  7 kobolds
  3 quokkas
  4 frilled lizards
  6 rats
51 creatures vanquished.

Notes
Turn   | Place    | Note
-------+----------+-------------------------------------------
     0 | D:1      | busyok the Gnoll Warper began the quest for the Orb.
     0 | D:1      | Reached XP level 1. HP: 20/20 MP: 6/6
   116 | D:1      | Reached XP level 2. HP: 25/26 MP: 7/7
   508 | D:1      | Reached skill level 5 in Spellcasting
   508 | D:1      | Reached XP level 3. HP: 18/31 MP: 7/9
   699 | D:1      | Found a faded altar of an unknown god.
  1140 | D:2      | Reached skill level 1 in Invocations
  1544 | D:2      | Reached skill level 1 in Short Blades
  1544 | D:2      | Reached skill level 1 in Long Blades
  1544 | D:2      | Reached skill level 1 in Maces & Flails
  1544 | D:2      | Reached skill level 1 in Polearms
  1544 | D:2      | Reached skill level 1 in Staves
  1544 | D:2      | Reached skill level 1 in Ranged Weapons
  1544 | D:2      | Reached skill level 1 in Stealth
  1544 | D:2      | Reached skill level 1 in Shields
  1544 | D:2      | Reached skill level 1 in Unarmed Combat
  1544 | D:2      | Reached skill level 1 in Evocations
  1557 | D:2      | Reached XP level 4. HP: 24/38 MP: 11/11
  2054 | D:3      | Found a sacrificial altar of Ru.
  2056 | D:3      | Found a hazy altar of Hepliaklqana.
  2101 | D:3      | Became a worshipper of Ru the Awakened
  2177 | D:3      | Reached skill level 1 in Conjurations
  2177 | D:3      | Reached skill level 1 in Hexes
  2177 | D:3      | Reached skill level 1 in Summonings
  2177 | D:3      | Reached skill level 1 in Necromancy
  2177 | D:3      | Reached skill level 1 in Transmutations
  2177 | D:3      | Reached skill level 1 in Fire Magic
  2177 | D:3      | Reached skill level 1 in Ice Magic
  2177 | D:3      | Reached skill level 1 in Air Magic
  2177 | D:3      | Reached skill level 1 in Earth Magic
  2177 | D:3      | Reached skill level 1 in Poison Magic
  2295 | D:3      | Found an iron altar of Okawaru.
  2479 | D:3      | HP: 1/38 [orc/+0 war axe (5)]
  2480 | D:3      | Killed from afar by an orc priest

Illustrated notes

Levels and vault maps discovered:
D:1:      dpeg_arrival_short_road, layout_loops_ring,
          shapermc_ecumenical_altar_petra, nicolae_hexahallways
D:2:      layout_loops_cross, grunt_ministairs_9, small_statue_intersection,
          glass_columns_b
D:3:      layout_loops_ring, mainiacjoe_overflow_catwalk, jmf_multi_god_temple2,
          minitemple

Skill      XL: |  1  2  3  4 |
---------------+-------------+-----
Spellcasting   | 5 |  5.1
Invocations    | 1 |  1.3
Short Blades   | 1 |  1.2
Long Blades    | 1 |  1.2
Maces & Flails | 1 |  1.2
Polearms       | 1 |  1.2
Staves         | 1 |  1.2
Ranged Weapons | 1 |  1.2
Stealth        | 1 |  1.2
Shields        | 1 |  1.2
Unarmed Combat | 1 |  1.2
Evocations     | 1 |  1.2
Conjurations   | 1 |  1.0
Hexes          | 1 |  1.0
Summonings     | 1 |  1.0
Necromancy     | 1 |  1.0
Transmutations | 1 |  1.0
Fire Magic     | 1 |  1.0
Ice Magic      | 1 |  1.0
Air Magic      | 1 |  1.0
Earth Magic    | 1 |  1.0
Poison Magic   | 1 |  1.0
Fighting       | |  4.6
Axes           | |  4.6
Throwing       | |  2.8
Armour         | |  2.8
Dodging        | |  4.6
Translocations | |  5.5

Action                     |  1- 3 |  4- 6 || total
---------------------------+-------+-------++-------
  Melee: Hand axe          |    96 |    51 ||   147
         Bite              |     8 |     6 ||    14
         Punch             |     1 |       ||     1
  Throw: Javelin           |    16 |     5 ||    21
         Boomerang         |     2 |     3 ||     5
    Use: Scroll            |     4 |     3 ||     7
         Potion            |       |     1 ||     1
   Stab: Sleeping          |     1 |     2 ||     3
 Armour: Leather armour    |    19 |    17 ||    36
  Dodge: Dodged            |    60 |    38 ||    98
